 Dungeon Crawl Stone Soup version 0.31-a0-819-gf6de2f5ab6 (webtiles) character file.

Game seed: 1157176314742905855

476 qw the Shooter (level 7, -3/44 HPs)
             Began as a Gargoyle Hunter on Sept 23, 2023.
             Killed from afar by an orc wizard (5 damage)
             ... with a magic dart
             ... on level 4 of the Dungeon.
             The game lasted 00:01:22 (2720 turns).

qw the Shooter (Gargoyle Hunter)                    Turns: 2720, Time: 00:01:23

Health: -3/44      AC: 11    Str: 15    XL:     7   Next: 10%
Magic:  7/7        EV: 16    Int:  9    God:
Gold:   186        SH:  0    Dex: 15    Spells: 6/6 levels left

rFire   . . .        Y - +0 shortbow
rCold   . . .        (shield currently unavailable)
rNeg    + . .        h - +0 ring mail
rPois   inf          j - +0 helmet
rElec   +            (no cloak)
rCorr   .            (no gloves)
SInv    .            (no boots)
Will    .....        (no amulet)
Stlth   +            g - +5 ring of evasion
HPRegen 0.27/turn    (no ring)
MPRegen 0.10/turn

%: no passive effects
@: no status effects
A: sickness immunity, AC +4, negative energy resistance 1, electricity
resistance, torment resistance 1, petrification resistance
a: no special abilities


You were on level 4 of the Dungeon.
You visited 1 branch of the dungeon, and saw 4 of its levels.

You collected 274 gold pieces.
You spent 88 gold pieces at shops.


Innate Abilities, Weirdness & Mutations

You are immune to sickness and miasma.
Your stone body is resilient. (AC +4)
You are immune to poison.
You resist negative energy. (rN+)
You are resistant to electric shocks. (rElec)
You are resistant to unholy torment.
You are immune to petrification.


   Skills:
 - Level 4.8 Fighting
 + Level 7.1 Ranged Weapons
 - Level 1.2 Armour
 - Level 1.5 Dodging
 - Level 1.1 Stealth


You had 6 spell levels left.
You didn't know any spells.
Your spell library was empty.

Inventory:

Hand Weapons
 Y - a +0 shortbow (weapon)
Armour
 h - a +0 ring mail (worn)
 j - a +0 helmet (worn)
Jewellery
 g - a +5 ring of evasion (left hand)
Scrolls
 a - 4 scrolls of identify
Potions
 c - 3 potions of curing
 e - 2 potions of enlightenment
 f - a potion of resistance
 i - a potion of attraction {unknown}

Dungeon Overview and Level Annotations

Branches:
Dungeon (4/15)
 Temple: D:4-7

Altars:
Zin

Shops:
D:3 !

Annotations:
D:4 Pikel


Message History

You shoot an arrow.
The arrow hits the lemure but does no damage.
The lemure is lightly wounded.
The lemure misses you. Something hits you but does no damage.
You shoot an arrow. The arrow closely misses the lemure.
The lemure completely misses you. Something barely misses you.
The lemure hits you but does no damage.
You shoot an arrow. The arrow barely misses the lemure.
Something hits you but does no damage. The lemure hits you but does no damage.
Something completely misses you.
You shoot an arrow. The arrow hits the lemure.
The lemure is lightly wounded.
The lemure misses you. Something barely misses you.
You shoot an arrow. The arrow hits the lemure!
The lemure is heavily wounded.
The lemure closely misses you. Something hits you but does no damage.
You shoot an arrow.
The arrow hits the lemure but does no damage.
The lemure is heavily wounded.
The lemure closely misses you. Something closely misses you.
You shoot an arrow. The arrow closely misses the lemure.
The lemure hits you but does no damage.
You hear some strange, mumbled words.
A puff of flame appears from out of thin air!
The puff of flame hits you but does no damage.
You shoot an arrow.
The arrow hits the lemure but does no damage.
The lemure is heavily wounded.
The lemure closely misses you. Something hits you.
You shoot an arrow.
The arrow hits the lemure but does no damage.
The lemure is heavily wounded.
The lemure completely misses you. Something barely misses you.
A jelly comes into view.
The lemure hits you.
You shoot an arrow. The arrow closely misses the lemure.
You hear some strange, mumbled words.
A magic dart appears from out of thin air!
The magic dart hits you.
You die...

#...#. #....
#####..J#
........#
S###......#
.5...##...##
#)....%)##
#....##5{#
.#.$#####@#.#
5.K.# #..###
......###.#####
##......##.#
#..........#
#.#######..# .# #
###.# .# ## ...
##...# ### #.#
.####...
#..#.###.######.#


You could see a lemure and a jelly.

Vanquished Creatures
  Sigmund (D:4)
  Menkaure (D:4)
  A lemure (D:4)
  A sleepcap (D:3)
  3 gnolls (D:3)
  5 adders
  An ufetubus (D:4)
  A worm (D:2)
  3 dart slugs
  2 orcs
  6 endoplasms
  5 giant cockroaches
  8 goblins
  6 hobgoblins
  10 jackals
  2 quokkas
  6 ball pythons
  6 bats
  5 frilled lizards
  13 kobolds
  4 rats
90 creatures vanquished.

Notes
Turn   | Place    | Note
-------+----------+-------------------------------------------
     0 | D:1      | qw the Gargoyle Hunter began the quest for the Orb.
     0 | D:1      | Reached XP level 1. HP: 12/12 MP: 1/1
     0 | D:1      | 0 ||| qw: Version: 0.3-a-83-gcd0e7d8
     0 | D:1      | 0 ||| qw: Game counter: 1658
     0 | D:1      | 0 ||| qw: Melee chars always use a shield: true
     0 | D:1      | 0 ||| qw: God list: Okawaru
     0 | D:1      | 0 ||| qw: Allow faded altars: false
     0 | D:1      | 0 ||| qw: Do Orc after clearing Dungeon:15 true
     0 | D:1      | 0 ||| qw: Do second Lair branch before Depths: true
     0 | D:1      | 0 ||| qw: Lair rune preference: random
     0 | D:1      | 0 ||| qw: Goals: Normal
     0 | D:1      | 0 ||| PLANNING D:1-11
   103 | D:1      | Reached XP level 2. HP: 17/17 MP: 2/2
   509 | D:1      | You fall into a shaft and drop 1 floor!
   561 | D:2      | 561 ||| DROPPING ring of magical power.
   562 | D:2      | 562 ||| READING scroll labelled UNU CIDISEDD.
   563 | D:2      | 563 ||| READING scroll labelled XUUTZE ILINEOMAU.
   681 | D:2      | 681 ||| READING 3 scrolls labelled LACARIMYOHE.
   682 | D:2      | 682 ||| DRINKING 2 glowing blue potions.
   683 | D:2      | 683 ||| DROPPING scroll of butterflies.
   684 | D:2      | 684 ||| DROPPING 2 scrolls of vulnerability.
   758 | D:1      | Reached XP level 3. HP: 21/21 MP: 3/3
   765 | D:1      | Reached skill level 5 in Ranged Weapons
   946 | D:1      | 946 ||| READING 3 scrolls of identify.
   946 | D:1      | 946 ||| IDENTIFYING bubbling cyan potion
   947 | D:1      | 947 ||| READING 2 scrolls of identify.
   947 | D:1      | 947 ||| IDENTIFYING ruby potion
   948 | D:1      | 948 ||| DROPPING potion of brilliance.
   949 | D:1      | 949 ||| DROPPING potion of degeneration.
  1001 | D:2      | 1001 ||| STAIRDANCE
  1118 | D:2      | Reached skill level 3 in Fighting
  1194 | D:2      | Reached XP level 4. HP: 26/28 MP: 4/4
  1486 | D:2      | 1486 ||| UPGRADING to +0 ring mail.
  1496 | D:2      | 1496 ||| DROPPING +0 leather armour.
  1497 | D:2      | 1497 ||| READING scroll labelled KEANICISCHUI.
  1498 | D:2      | 1498 ||| READING 3 scrolls labelled PECUYP CA YMM.
  1499 | D:2      | 1499 ||| READING scroll labelled IVEFRU BUEH.
  1500 | D:2      | 1500 ||| READING 2 scrolls of identify.
  1500 | D:2      | 1500 ||| IDENTIFYING green potion
  1501 | D:2      | 1501 ||| DROPPING 2 scrolls of revelation.
  1531 | D:3      | Found Vyunen's Distillery.
  1539 | D:3      | 1539 ||| BUYING potion of curing (33 gold).
  1539 | D:3      | Bought a potion of curing for 33 gold pieces
  1539 | D:3      | 1539 ||| BUYING potion of heal wounds (55 gold).
  1539 | D:3      | Bought a potion of heal wounds for 55 gold pieces
  1539 | D:3      | 1539 ||| SHOPLISTING potion of heal wounds (55 gold, have
                  | 41).
  1585 | D:3      | 1585 ||| RETREEAATING.
  1592 | D:3      | Reached skill level 1 in Armour
  1593 | D:3      | 1593 ||| STILL RETREEAATING.
  1596 | D:3      | 1596 ||| Stepping ~*~*~tactically~*~*~ (retreating).
  1619 | D:3      | Reached XP level 5. HP: 13/32 MP: 5/5
  1804 | D:3      | Reached skill level 6 in Ranged Weapons
  2211 | D:3      | Found a glowing silver altar of Zin.
  2315 | D:3      | 2315 ||| UPGRADING to +0 helmet.
  2320 | D:3      | 2320 ||| UPGRADING to +5 ring of evasion.
  2321 | D:3      | 2321 ||| READING 2 scrolls of identify.
  2321 | D:3      | 2321 ||| IDENTIFYING murky clear potion
  2322 | D:3      | 2322 ||| DROPPING potion of lignification.
  2348 | D:4      | 2348 ||| STAIRDANCE
  2360 | D:4      | HP: 6/32 [jackal (3)]
  2361 | D:4      | 2361 ||| DRINKING potion of heal wounds.
  2374 | D:4      | 2374 ||| STAIRDANCE
  2434 | D:4      | Noticed Menkaure
  2444 | D:4      | Killed Menkaure
  2445 | D:4      | Reached XP level 6. HP: 21/40 MP: 6/6
  2551 | D:4      | Noticed Sigmund
  2564 | D:4      | Killed Sigmund
  2565 | D:4      | Reached skill level 7 in Ranged Weapons
  2565 | D:4      | Reached XP level 7. HP: 44/44 MP: 7/7
  2668 | D:4      | 2668 ||| Stepping ~*~*~tactically~*~*~ (retreating).
  2672 | D:4      | 2672 ||| Stepping ~*~*~tactically~*~*~ (retreating).
  2686 | D:4      | Noticed Pikel
  2687 | D:4      | 2687 ||| Stepping ~*~*~tactically~*~*~ (retreating).
  2690 | D:4      | 2690 ||| Stepping ~*~*~tactically~*~*~ (retreating).
  2705 | D:4      | HP: 7/44 [something/magic dart (6)]
  2709 | D:4      | HP: 2/44 [something (2)]
  2718 | D:4      | HP: 4/44 [something (1)]
  2719 | D:4      | HP: 1/44 [lemure[Pikel] (3)]
  2720 | D:4      | Killed from afar by an orc wizard

Levels and vault maps discovered:
D:1:      lightli_arrival_statuegarden, layout_loops_cross
D:2:      layout_basic, item_on_display_a
D:3:      layout_loops_ring, zin_scriptorium, serial_shops, shop,
          roderic_roman_lattice, minmay_fractal_squares_diagonal_5
D:4:      layout_rooms, nicolae_figureground_pulse, uniq_sigmund, uniq_pikel,
          uniq_menkaure

Skill      XL: |  1  2  3  4  5  6 |
---------------+-------------------+-----
Ranged Weapons | 5 6 7 |  7.1
Fighting       | 3 4 |  4.8
Armour         | 1 |  1.2
Dodging        | |  1.5
Stealth        | |  1.1

Action                     |  1- 3 |  4- 6 |  7- 9 || total
---------------------------+-------+-------+-------++-------
   Fire: Shortbow          |   139 |   147 |    67 ||   353
    Use: Scroll            |     5 |     5 |       ||    10
         Potion            |     1 |     1 |       ||     2
 Armour: Leather armour    |    42 |    10 |       ||    52
         Ring mail         |       |    66 |    60 ||   126
  Dodge: Dodged            |    44 |   122 |    69 ||   235

Table legend:
 A = Non-vault XP
 B = Vault XP
 C = Vault XP percentage of total XP
 D = Non-vault monster count
 E = Vault monster count
 F = Vault count percentage of total count
                 A         B        C        D         E       F
            +---------+---------+-------+---------+---------+-------
      Total |     269 |     412 |  60.5 |      78 |      11 |  12.4
            +---------+---------+-------+---------+---------+-------
        D:1 |      45 |       0 |   0.0 |      28 |       0 |   0.0
        D:2 |      59 |       0 |   0.0 |      18 |       0 |   0.0
        D:3 |     116 |      24 |  17.1 |      17 |       9 |  34.6
        D:4 |      49 |     388 |  88.8 |      15 |       2 |  11.8
            +---------+---------+-------+---------+---------+-------
